 Dungeon Crawl Stone Soup version 0.27.0-1-g7a089689b8 (webtiles) character file.

Game seed: 5291540258497791914

13 dolemite99 the Grave Robber (level 2, -4/24 HPs)
             Began as an Ogre Necromancer on Aug 8, 2021.
             Slain by Terence (5 damage)
             ... on level 2 of the Dungeon.
             The game lasted 00:01:34 (1031 turns).

dolemite99 the Grave Robber (Ogre Necromancer)      Turns: 1031, Time: 00:01:35

Health: -4/24      AC:  3    Str: 11    XL:     2   Next: 37%
Magic:  1/5        EV:  9    Int: 16    God:
Gold:   44         SH:  0    Dex:  9    Spells: 4/6 levels left

rFire    . . .     SeeInvis .   c - +0 club
rCold    . . .     Faith    .   (no shield)
rNeg     . . .     Spirit   .   a - +0 robe
rPois    .         Reflect  .   (helmet restricted)
rElec    .         Harm     .   (no cloak)
rCorr    .         Rampage  .   (gloves unavailable)
Will     .....                  (boots unavailable)
Stlth    +.........             (no amulet)
HPRegen  0.08/turn              (no ring)
MPRegen  0.09/turn              (no ring)

@: no status effects
A: large, unfitting armour, tough skin 1
a: no special abilities


You were on level 2 of the Dungeon.
You visited 1 branch of the dungeon, and saw 3 of its levels.

You collected 44 gold pieces.

Inventory:

Hand Weapons
 c - a +0 club (weapon)
Missiles
 b - 30 stones
Armour
 a - a +0 robe (worn)


   Skills:
 - Level 1.7 Dodging
 - Level 1.4 Stealth
 + Level 2.9 Spellcasting
 + Level 3.9 Necromancy


You had 4 spell levels left.
You knew the following spells:

 Your Spells              Type           Power      Damage    Failure   Level
a - Pain                  Necr           60%        1d7       3%          1
b - Animate Skeleton      Necr           30%        N/A       3%          1

Your spell library contained the following spells:

 Spells                   Type           Power      Damage    Failure   Level
 Vampiric Draining        Necr           7%         2d7       11%         3
 Animate Dead             Necr           7%         N/A       36%         4
 Agony                    Necr           15%        N/A       71%         5


Dungeon Overview and Level Annotations

Branches:
Dungeon (3/15)

Altars:

Annotations:
D:2 Terence


Innate Abilities, Weirdness & Mutations

You are too large for most types of armour.
You have tough skin. (AC +1)


Message History

Confirm with . or Enter, or press ? or * to list all spells.
Aiming: Pain (safe; 3% risk of failure)
Press: ? - help, Shift-Dir - straight line, f/p - Terence
Aim: Terence, wielding a +0 falchion of protection and wearing a +0 chain mail (severely wounded, chance to affect: 80%) Terence writhes in agony.
Terence hits you with a +0 falchion of protection.
You aren't carrying any potions.
Unknown command.
You aren't carrying any scrolls.
Unknown command.
You hit Terence but do no damage.
Terence is severely wounded.
Terence shouts, "Get ready for death!"
Terence hits you with a +0 falchion of protection!
Terence asks, "Do you want it fast or slow?"
Terence hits you with a +0 falchion of protection.
You hit Terence.
Terence is almost dead.
Terence hits you with a +0 falchion of protection.
* * * LOW HITPOINT WARNING * * *
A ball python comes into view.
The ball python closely misses you.
Casting: Pain (safe; 3% risk of failure)
Confirm with . or Enter, or press ? or * to list all spells.
Aiming: Pain (safe; 3% risk of failure)
Press: ? - help, Shift-Dir - straight line, f/p - Terence
Aim: Terence, wielding a +0 falchion of protection and wearing a +0 chain mail (almost dead, chance to affect: 80%)
You miscast Pain.
You are very lightly contaminated with residual magic.
Nothing appears to happen.
The ball python bites you.
* * * LOW HITPOINT WARNING * * *
Terence misses you. The ball python bites you.
* * * LOW HITPOINT WARNING * * *
The ball python barely misses you.
Your magical contamination has completely faded away.
The ball python bites you but does no damage.
The ball python barely misses you.
Terence hits you with a +0 falchion of protection.
You die...

#####. ......
......##### ......#.@.#
......#S@.# ......#...#
#....# ##### ##....###
....#########.........
##.....................
##.....................
##.....................


You could see Terence and a ball python.

Vanquished Creatures
  2 endoplasms
  2 giant cockroaches (D:1)
  2 hobgoblins (D:1)
  2 bats (D:1)
  4 frilled lizards (D:1)
  A kobold (D:1)
13 creatures vanquished.

Notes
Turn   | Place    | Note
-------+----------+-------------------------------------------
     0 | D:1      | dolemite99 the Ogre Necromancer began the quest for the
                  | Orb.
     0 | D:1      | Reached XP level 1. HP: 16/16 MP: 3/3
   494 | D:1      | Reached XP level 2. HP: 17/24 MP: 1/5
   895 | D:1      | Learned a level 1 spell: Animate Skeleton
   926 | D:1      | You fall into a shaft and drop 1 floor!
   997 | D:2      | Noticed Terence
  1023 | D:2      | HP: 1/24 [ball python (2)]
  1031 | D:2      | Slain by Terence

Illustrated notes

Levels and vault maps discovered:
D:1:      shiori_arrival_oz, layout_basic, shapermc_ecumenical_altar_flowoftime
D:2:      layout_basic, grunt_ministairs_12, serial_bayou_pond_c, corexii_shack,
          moated_statue, minmay_tetromino_o4, uniq_terence
D:3:      layout_basic, nemelex_spade_bored_becter, uniq_robin

Action                   || total
-------------------------++-------
Melee: Club              ||     2
 Cast: Pain              ||    33
       Animate Skeleton  ||     1
Armor: Robe              ||    12
Dodge: Dodged            ||    12
